 Dungeon Crawl Stone Soup version 0.29-a0-557-g43b9904bd1 (webtiles) character file.

Game seed: 3205160805192967067

7303 ICEMaiden the Nimble (level 10, 0/60 HPs)
             Began as a Deep Elf Conjurer on June 8, 2022.
             Was a Priest of Zin.
             Slain by a yak (13 damage)
             ... on level 9 of the Dungeon.
             The game lasted 00:56:53 (12867 turns).

ICEMaiden the Nimble (Deep Elf Conjurer)           Turns: 12867, Time: 00:56:54

Health: 0/60       AC:  8    Str:  8    XL:     10   Next: 90%
Magic:  3/22       EV: 15    Int: 24    God:    Zin [***...]
Gold:   450        SH:  0    Dex: 13    Spells: 6/23 levels left

rFire   + . .      SeeInvis .   a - +3 short sword (freeze)
rCold   . . .      Faith    .   (no shield)
rNeg    . . .      Spirit   .   A - +0 steam dragon scales
rPois   .          Reflect  .   y - +1 hat
rElec   .          Harm     .   k - +0 cloak
rCorr   .          Rampage  .   (no gloves)
Will    +....                   r - +0 pair of boots
Stlth   +++.......              q - amulet of the acrobat
HPRegen 0.20/turn               s - ring of protection from fire
MPRegen 0.18/turn               B - ring of wizardry

@: no status effects
A: no striking features
a: Renounce Religion, Recite, Vitalisation, Imprison, Donate Gold


You were on level 9 of the Dungeon.
You worshipped Zin.
Zin was most pleased with you.
You visited 2 branches of the dungeon, and saw 10 of its levels.

You collected 500 gold pieces.
You donated 50 gold pieces to Zin.

Inventory:

Hand Weapons
 a - a +3 short sword of freezing (weapon)
Armour
 h - an orb of energy
 k - a +0 cloak (worn)
 p - a +2 chain mail of poison resistance
 r - a +0 pair of boots (worn)
 y - a +1 hat (worn)
 A - +0 steam dragon scales (worn)
 C - a +1 scale mail of positive energy
Jewellery
 o - a ring of fire
 q - an amulet of the acrobat (around neck)
 s - a ring of protection from fire (left hand)
 B - a ring of wizardry (right hand)
Wands
 e - a wand of paralysis (8)
 M - a wand of acid (6)
Scrolls
 c - 3 scrolls of blinking {unknown}
 d - a scroll of enchant weapon {unknown}
 g - 5 scrolls of teleportation
 i - 6 scrolls of immolation {unknown}
 j - 2 scrolls of fog {unknown}
 l - 3 scrolls of vulnerability {unknown}
 n - a scroll of poison {unknown}
 u - a scroll of brand weapon {unknown}
 w - a scroll of amnesia {unknown}
 z - 3 scrolls of fear {unknown}
 D - a scroll of noise {unknown}
 I - 2 scrolls of enchant armour {unknown}
 J - a scroll of magic mapping {unknown}
Potions
 b - a potion of magic
 f - 5 potions of attraction
 m - a potion of might
 t - 2 potions of mutation
 v - a potion of brilliance {unknown}
 x - 2 potions of flight
 E - a potion of invisibility {unknown}
 F - 2 potions of ambrosia
 G - a potion of cancellation {unknown}
 H - a potion of lignification {unknown}
 L - a potion of degeneration {unknown}


   Skills:
 * Level 5.7 Fighting
 - Level 2.2 Armour
 + Level 8.8 Dodging
 + Level 6.9 Stealth
 + Level 7.3 Spellcasting
 + Level 7.0 Conjurations
 - Level 4.0 Hexes
 + Level 5.2 Translocations
 + Level 4.3 Invocations
 + Level 7.4 Evocations


You had 6 spell levels left.
You knew the following spells:

 Your Spells              Type           Power      Damage    Failure   Level
a - Magic Dart            Conj           100%       1d8       1%          1
c - Gell's Gravitas       Tloc           33%        N/A       1%          3
d - Iskenderun's Mystic   Conj/Tloc      38%        2d9       2%          4
s - Searing Ray           Conj           84%        2d7       1%          2
x - Dazzling Flash        Conj/Hex       70%        N/A       1%          3
O - Dispel Undead         Necr           8%         3d8       26%         4

Your spell library contained the following spells:

 Spells                   Type           Power      Damage    Failure   Level
 Static Discharge         Conj/Air       25%        N/A       1%          2
 Lesser Beckoning         Tloc           33%        N/A       1%          3
 Teleport Other           Tloc           33%        N/A       1%          3
 Fulminant Prism          Conj/Hex       17%        3d11      3%          4
 Sticky Flame             Conj/Fire      25%        2d5       7%          4


Dungeon Overview and Level Annotations

Branches:
Dungeon (9/15)             Temple (1/1) D:5
   Lair: D:8-11         Orc: D:9-12

Altars:
Ashenzari
Cheibriados
Dithmenos
Elyvilon
Fedhas
Gozag
Hepliaklqana
Kikubaaqudgha
Makhleb
Nemelex Xobeh
Okawaru
Qazlal
Ru
Sif Muna
Trog
Uskayaw
Vehumet
Wu Jian
Xom
Yredelemnul
Zin
The Shining One

Shops:
D:3 :


Message History

The yak is knocked back by the mystic blast.
The yak collides with the yak!
The yak is severely wounded.
The yak is almost dead.
The yak attacks as you move away! The yak barely misses you.
The yak attacks as you move away! The yak completely misses you.
The yak attacks as you move away! The yak misses you.
The yak attacks as you move away! The yak gores you.
There is a stone staircase leading up here.
The yak attacks as you move away! The yak completely misses you.
The yak attacks as you move away! The yak misses you.
There is a stone staircase leading up here.
Aiming: Paralyse
Press: ? - help, Shift-Dir - straight line, f - yak
Aim: a yak (almost dead, chance to affect: 66%)
Okay, then.
The yak attacks as you move away! The yak gores you!
The yak attacks as you move away! The yak completely misses you.
The yak attacks as you move away! The yak completely misses you.
The yak attacks as you move away! The yak completely misses you.
Found a stone staircase leading up.
The yak attacks as you move away! The yak completely misses you.
The yak attacks as you move away! The yak barely misses you.
The yak completely misses you.
There is a stone staircase leading up here.
Casting: Iskenderun's Mystic Blast (dangerous; 2% risk of failure)
Confirm with . or Enter, or press ? or * to list all spells.
You erupt in a blast of force!
The mystic blast hits the yak!
You kill the yak!
The mystic blast hits the yak.
The yak is severely wounded.
The yak is knocked back by the mystic blast.
Your Conjurations skill increases to level 7!
The yak gores you!
* * * LOW HITPOINT WARNING * * *
The yak barely misses you. The yak attacks as you move away! The yak gores you!
* * * LOW HITPOINT WARNING * * *
You feel better. The yak gores you!
You die...

#....# +....# #....#
#.<†## ###+ #...##
#....#....# #....#....#
#....#..Y.# #....#..@.#
##### #...##....#
......##...##....#
##................# .
##..........##...## ...
.#........).##.).##....
##.....##...##.........#
##.....##...##<........#
.......................#


You could see a yak.

Vanquished Creatures
  A two-headed ogre (D:8)
  3 hornets
  7 yaks (D:9)
  3 wyverns (D:9)
  Menkaure (D:5)
  3 steam dragons
  5 water moccasins
  3 orc warriors (D:8)
  2 ice beasts
  A sky beast (D:7)
  2 black bears (D:5)
  2 centaurs (D:8)
  A phantom (D:5)
  2 kobold brigands (D:8)
  2 bullfrogs (D:8)
  3 scorpions
  4 necrophages
  12 wights
  A killer bee (D:8)
  2 howler monkeys
  3 hounds
  3 gnoll shamans
  10 orc priests
  7 iguanas
  7 orc wizards
  24 gnolls
  7 adders
  A shadow imp (D:6)
  4 white imps
  2 ufetubi
  2 worms (D:2)
  A dart slug (D:5)
  37 orcs
  4 bats
  7 endoplasms
  6 giant cockroaches
  13 goblins
  11 hobgoblins
  4 jackals (D:4)
  7 kobolds
  A quokka (D:2)
  9 ball pythons
  A frilled lizard (D:1)
  4 rats
235 creatures vanquished.

Vanquished Creatures (others)
  A goblin (D:3)
1 creature vanquished.

Grand Total: 236 creatures vanquished

Notes
Turn   | Place    | Note
-------+----------+-------------------------------------------
     0 | D:1      | ICEMaiden the Deep Elf Conjurer began the quest for the
                  | Orb.
     0 | D:1      | Reached XP level 1. HP: 10/10 MP: 6/6
   183 | D:1      | Reached XP level 2. HP: 16/16 MP: 6/8
   469 | D:1      | Reached skill level 3 in Dodging
   710 | D:1      | Reached skill level 1 in Fighting
   812 | D:2      | Reached XP level 3. HP: 20/20 MP: 3/9
   907 | D:2      | Reached skill level 1 in Evocations
  1175 | D:2      | Learned a level 2 spell: Searing Ray
  1179 | D:2      | Learned a level 3 spell: Dazzling Flash
  1401 | D:1      | Reached XP level 4. HP: 25/25 MP: 4/11
  1414 | D:1      | Learned a level 3 spell: Gell's Gravitas
  1714 | D:2      | Found a faded altar of an unknown god.
  2084 | D:2      | You fall into a shaft and drop 2 floors!
  2291 | D:5      | Entered Level 5 of the Dungeon
  2354 | D:3      | Noticed a necrophage
  2371 | D:2      | Reached XP level 5. HP: 29/29 MP: 10/12
  2632 | D:3      | Reached skill level 1 in Hexes
  2818 | D:2      | Reached skill level 1 in Translocations
  2931 | D:3      | Reached skill level 4 in Dodging
  2931 | D:3      | Reached XP level 6. HP: 35/35 MP: 5/14
  3103 | D:3      | Found Qionaimo's Book Boutique.
  4026 | D:4      | Reached skill level 5 in Conjurations
  4026 | D:4      | Reached XP level 7. HP: 33/40 MP: 5/15
  4998 | D:5      | Reached skill level 5 in Dodging
  5560 | D:5      | Reached XP level 8. HP: 43/46 MP: 6/17
  5642 | D:5      | Found a staircase to the Ecumenical Temple.
  5648 | Temple   | Entered the Ecumenical Temple
  5909 | Temple   | Became a worshipper of Zin the Law-Giver
  5909 | Temple   | Reached * piety under Zin
  6129 | D:5      | Reached skill level 1 in Armour
  6129 | D:5      | Reached skill level 5 in Spellcasting
  6202 | D:5      | Noticed Menkaure
  6208 | D:5      | Killed Menkaure
  6621 | D:6      | Reached skill level 1 in Invocations
  6732 | D:6      | Learned a level 4 spell: Dispel Undead
  6737 | D:6      | Learned a level 4 spell: Iskenderun's Mystic Blast
  6793 | D:6      | Reached skill level 6 in Dodging
  7533 | D:6      | Reached ** piety under Zin
  7557 | D:6      | Reached skill level 5 in Stealth
  7557 | D:6      | Reached skill level 5 in Evocations
  7562 | D:6      | Noticed a hornet
  7589 | D:6      | Killed a hornet
  7590 | D:6      | Reached XP level 9. HP: 7/52 MP: 1/19
  7892 | D:6      | Identified the +11 trident of Mafetum {pain, rC- MP-9 Dex+7
                  | Stlth+}
  8764 | D:7      | Reached skill level 7 in Dodging
  9735 | D:8      | Noticed a two-headed ogre
  9745 | D:8      | Killed a two-headed ogre
  9746 | D:8      | Reached XP level 10. HP: 58/58 MP: 6/21
  9749 | D:8      | Paralysed by a hornet for 1 turns
 10110 | D:8      | Reached skill level 8 in Dodging
 10121 | D:8      | Reached skill level 5 in Fighting
 10864 | D:8      | Reached *** piety under Zin
 11401 | D:8      | Found a white marble altar of Elyvilon.
 12593 | D:9      | Reached skill level 5 in Translocations
 12867 | D:9      | Slain by a yak

Illustrated notes

Levels and vault maps discovered:
D:1:      psy_arrival_fountain, layout_rooms, minmay_bisected
D:2:      layout_basic, chequers_ecumenical_altar_simple_redux, corexii_shack,
          wad_floor_pattern_1
D:3:      layout_rooms, serial_shops, nicolae_shop_stone
D:4:      corexii_shantytown, layout_basic
D:5:      layout_loops_ring, minmay_temple_entry_waves, uniq_menkaure
D:6:      layout_basic
D:7:      layout_gridville
D:8:      minmay_the_grid_square_5x5_3x3 [minmay_the_grid_square_5x5_n_small,
          minmay_the_grid_square_5x5_inner_i,
          minmay_the_grid_square_5x5_longway,
          minmay_the_grid_square_5x5_six_small,
          minmay_the_grid_square_5x5_megaprize_hollow,
          minmay_the_grid_square_5x5_spiral_small,
          minmay_the_grid_square_5x5_inset, minmay_the_grid_square_5x5_n,
          minmay_the_grid_square_5x5_shuriken], layout_rooms, elyvilon_altar_3
D:9:      layout_gridville
Temple:   compressed_dpeg_triangle_lava_temple

Skill      XL: |  1  2  3  4  5  6  7  8  9 10 |
---------------+-------------------------------+-----
Dodging        | 3 4 5 6 7 8 |  8.8
Fighting       | 1 2 3 4 5 |  5.7
Evocations     | 1 2 3 4 5 6 7 |  7.4
Stealth        | 3 4 5 6 |  6.9
Hexes          | 1 2 3 4 |  4.0
Translocations | 1 2 3 4 5 |  5.2
Spellcasting   | 4 5 6 7 |  7.3
Conjurations   | 5 6 7 |  7.0
Armour         | 1 2 |  2.2
Invocations    | 1 3 4 |  4.3

Action                   |  1- 3 |  4- 6 |  7- 9 | 10-12 || total
-------------------------+-------+-------+-------+-------++-------
Melee: Dagger            |       |    21 |    20 |       ||    41
       Punch             |       |       |     2 |       ||     2
       Whip              |       |       |     7 |       ||     7
       Short sword       |       |       |       |    16 ||    16
       Unarmed           |       |       |       |     5 ||     5
Throw: Dart              |     3 |     2 |     1 |       ||     6
 Cast: Magic Dart        |    56 |    88 |   106 |    35 ||   285
       Searing Ray       |     2 |    24 |    62 |    28 ||   116
       Dazzling Flash    |       |     1 |       |       ||     1
       Iskenderun's Myst |       |       |    13 |    41 ||    54
       Gell's Gravitas   |       |       |     2 |     4 ||     6
Invok: Recite            |       |       |    11 |     4 ||    15
       Vitalisation      |       |       |     1 |       ||     1
Evoke: Wand              |       |       |       |     4 ||     4
  Use: Scroll            |       |       |     8 |     2 ||    10
       Potion            |       |       |     5 |     4 ||     9
 Stab: Sleeping          |       |     4 |     2 |     2 ||     8
       Invisible         |       |     1 |       |       ||     1
       Paralysed         |       |       |       |     4 ||     4
Armor: Robe              |     1 |     6 |    20 |       ||    27
       Steam dragon scal |       |       |     1 |    13 ||    14
Dodge: Dodged            |    14 |    46 |   132 |   112 ||   304

Table legend: (Time is in decaauts)
 A = Elapsed time spent in this place.
 B = Non-inter-level travel time spent in this place.
 C = Inter-level travel time spent in this place.
 D = Time resting spent in this place.
 E = Time spent auto-exploring this place.
 F = Levels seen in this place.
 G = Mean time per level.
                   A        B        C        D        E       F      G
               +--------+--------+--------+--------+--------+-----+--------+
         Total |  12884 |  12402 |    482 |   3659 |   6447 |  10 | 1288.4 |
       Dungeon |  12559 |  12091 |    468 |   3659 |   6159 |   9 | 1395.4 |
        Temple |    325 |    311 |     14 |      0 |    288 |   1 |  325.0 |
               +--------+--------+--------+--------+--------+-----+--------+

Top non-repeatable levels by time:
     D:8: 2133 daAuts
     D:4: 1883 daAuts
     D:7: 1791 daAuts
     D:5: 1661 daAuts
     D:2: 1466 daAuts
     D:6: 1296 daAuts
     D:1: 1054 daAuts
     D:9: 723 daAuts
     D:3: 548 daAuts
  Temple: 325 daAuts
